 Dungeon Crawl Stone Soup version 0.29.1-1-gd02db6906a (webtiles) character file.

Game seed: 403410651103056816

2832 LustLizard the Grappler (level 9, -4/89 HPs)
             Began as a Troll Fighter on Sept 21, 2022.
             Was an Initiate of Wu Jian.
             Slain by an orc warrior
             ... wielding a +0 hand axe
              (11 damage)
             ... on level 7 of the Dungeon.
             The game lasted 00:09:48 (5765 turns).

LustLizard the Grappler (Troll Fighter)             Turns: 5765, Time: 00:09:49

Health: -4/89      AC:  5    Str: 26    XL:     9   Next: 45%
Magic:  8/8        EV: 13    Int:  8    God:    Wu Jian [......]
Gold:   374        SH:  8    Dex:  9    Spells: 8/8 levels left

rFire   . . .      SeeInvis .     - Unarmed
rCold   . . .      Faith    .   b - +0 kite shield
rNeg    . . .      Spirit   .   B - +1 animal skin
rPois   +          Reflect  .   (helmet restricted)
rElec   .          Harm     .   (no cloak)
rCorr   .          Rampage  .   (gloves unavailable)
Will    .....                   (boots unavailable)
Stlth   +.........              (no amulet)
HPRegen 1.04/turn               q - +4 ring of evasion
MPRegen 0.11/turn               x - ring of poison resistance

@: mighty
A: large, unfitting armour, claws 3, regeneration 1, shaggy fur 1, tough skin 1
a: Renounce Religion


You were on level 7 of the Dungeon.
You worshipped Wu Jian.
Wu Jian was noncommittal.
You visited 2 branches of the dungeon, and saw 8 of its levels.

You collected 374 gold pieces.

Inventory:

Missiles
 k - 49 stones (quivered)
 m - 8 poisoned darts
 t - 2 boomerangs
Armour
 a - a +0 robe
 b - a +0 kite shield (worn)
 r - a +0 cloak
 B - a +1 animal skin (worn)
Jewellery
 g - a ring of fire
 q - a +4 ring of evasion (left claw)
 x - a ring of poison resistance (right claw)
Scrolls
 e - 3 scrolls of teleportation {unknown}
 h - a scroll of blinking {unknown}
 i - a scroll of identify
 j - 2 scrolls of amnesia {unknown}
 l - a scroll of magic mapping {unknown}
 u - a scroll of noise {unknown}
 v - 2 scrolls of fear {unknown}
 w - 2 scrolls of poison {unknown}
 y - a scroll of brand weapon {unknown}
Potions
 c - a potion of might
 d - a potion of cancellation
 f - a potion of ambrosia
 n - 3 potions of curing
 o - a potion of resistance
 p - 2 potions of degeneration
 s - 2 potions of haste
 z - a potion of attraction
 A - a potion of berserk rage {unknown}


   Skills:
 + Level 5.9 Fighting
 + Level 3.2 Dodging
 + Level 6.4 Shields
 * Level 9.3 Unarmed Combat


You had 8 spell levels left.
You didn't know any spells.
Your spell library contained the following spells:

 Spells                   Type           Power      Damage    Failure   Level
 Beastly Appendage        Tmut           0%         N/A       67%         1
 Magic Dart               Conj           0%         1d3       67%         1
 Slow                     Hex            0%         N/A       67%         1
 Sting                    Tmut/Pois      0%         1d3       67%         1
 Poisonous Vapours        Pois/Air       0%         N/A       80%         2
 Searing Ray              Conj           0%         2d4       80%         2
 Wereblood                Tmut           0%         N/A       80%         2
 Confusing Touch          Hex            0%         N/A       95%         3
 Frozen Ramparts          Ice            0%         1d1       95%         3
 Gell's Gravitas          Tloc           0%         N/A       95%         3
 Spider Form              Tmut/Pois      0%         N/A       95%         3
 Teleport Other           Tloc           0%         N/A       95%         3
 Vampiric Draining        Necr           0%         2d6       95%         3
 Fulminant Prism          Conj/Hex       0%         3d6       100%        4
 Ice Form                 Ice/Tmut       0%         N/A       100%        4
 Olgreb's Toxic Radiance  Pois           0%         N/A       100%        4
 Summon Ice Beast         Ice/Summ       0%         N/A       100%        4
 Dispersal                Tloc           0%         N/A       100%        6
 Ozocubu's Refrigeration  Ice            0%         4d7       100%        7
 Ignition                 Fire           0%         3d3       100%        8


Dungeon Overview and Level Annotations

Branches:
Dungeon (7/15)             Temple (1/1) D:7

Altars:
Ashenzari
Dithmenos
Elyvilon
Hepliaklqana
Kikubaaqudgha
Nemelex Xobeh
Vehumet
Wu Jian
Zin


Innate Abilities, Weirdness & Mutations

You are too large for most types of armour.
You have claws for hands.
Your natural rate of healing is unusually fast.
You are covered in fur. (AC +1)
You have tough skin. (AC +1)


Message History

The orc wizard casts a spell at you. The magic dart hits you!
You mangle the orc wizard!!
You kill the orc wizard!
The Council accepts your kill. The sky beast hits you.
The sky beast shocks you.
The orc warrior shoots a bolt.
The bolt hits you!
You closely miss the sky beast. You block the sky beast's attack.
The orc warrior shoots a bolt.
The bolt barely misses you.
You closely miss the sky beast. The sky beast closely misses you.
The orc warrior shoots a bolt.
The bolt hits you!!
* * * LOW HITPOINT WARNING * * *
You are too injured to fight recklessly!
The sky beast attacks as you move away! The sky beast barely misses you.
There is an open door, spattered with blood here.
Things that are here:
a +0 dagger; a +0 leather armour The sky beast attacks as you move away!
The sky beast hits you.
* * * LOW HITPOINT WARNING * * *
The sky beast shocks you.
* * * LOW HITPOINT WARNING * * *
You mangle the sky beast!!
The sky beast is almost dead.
You block the sky beast's attack.
You scratch the sky beast.
You kill the sky beast!
The Council accepts your kill.
The orc warrior shoots a bolt.
You block the bolt.
You lunge at the orc warrior.
You barely miss the orc warrior.
The orc warrior unwields a +0 arbalest.
The orc warrior wields a +0 hand axe.
The orc warrior hits you with a +0 hand axe!!
* * * LOW HITPOINT WARNING * * *
There is an open door, spattered with blood here.
Things that are here:
a +0 dagger; a +0 leather armour; a sky beast corpse You feel very mighty all of a sudden.
The orc warrior closely misses you.
You closely miss the orc warrior.
The orc warrior hits you with a +0 hand axe!
You die...

.......##...##......#..#
....................#...
........#######.....##.#
...#.....)....#.#.#.....
# #..........# #.######
#..........# #.......
####.####### #.....<#
#.# #....... ##@#####
######## #.o....# #
#.)....# # #......# ...
#......'.. #.##
#......### # # .......'.
# #......### # ########
#


You could see an orc warrior.

Vanquished Creatures
  Sigmund (D:3)
  A wyvern (D:7)
  Eustachio (D:4)
  A water moccasin (D:6)
  An orc warrior (D:6)
  2 ice beasts (D:4)
  A black bear (D:6)
  A sky beast (D:7)
  4 ogres
  A centaur (D:6)
  2 phantoms
  A scorpion (D:6)
  4 wights (D:7)
  A howler monkey (D:4)
  A gnoll bouda (D:5)
  A jelly (D:6)
  2 hounds
  6 orc priests
  3 iguanas
  Natasha (thrice) (D:4)
  6 orc wizards
  Robin (D:4)
  10 adders
  9 gnolls
  2 white imps (D:6)
  2 ufetubi (D:5)
  2 worms (D:3)
  6 dart slugs
  22 orcs
  8 ball pythons
  6 endoplasms
  A giant cockroach (D:3)
  19 goblins
  7 hobgoblins
  2 jackals (D:2)
  8 kobolds
  4 quokkas
  4 bats
  5 rats
162 creatures vanquished.

Notes
Turn   | Place    | Note
-------+----------+-------------------------------------------
     0 | D:1      | LustLizard the Troll Fighter began the quest for the Orb.
     0 | D:1      | Reached XP level 1. HP: 22/22 MP: 0/0
     2 | D:1      | Noticed a meteoran
     2 | D:1      | Noticed a ghoul
     4 | D:1      | Noticed a human
     4 | D:1      | Noticed a felid
     6 | D:1      | Noticed a tengu
     8 | D:1      | Noticed a gargoyle
     8 | D:1      | Noticed a draconian
    10 | D:1      | Noticed an octopode
    10 | D:1      | Noticed a naga
    12 | D:1      | Noticed a minotaur
    12 | D:1      | Noticed a troll
    14 | D:1      | Noticed a vampire
    16 | D:1      | Noticed an ogre
    16 | D:1      | Noticed a formicid
    18 | D:1      | Noticed a spriggan
    20 | D:1      | Noticed a demigod
    20 | D:1      | Noticed a merfolk
    22 | D:1      | Noticed an elf
    22 | D:1      | Noticed a demonspawn
    24 | D:1      | Noticed a vine stalker
    26 | D:1      | Noticed a tengu
    26 | D:1      | Noticed a meteoran
   116 | D:1      | Reached XP level 2. HP: 28/29 MP: 1/1
   645 | D:2      | Reached XP level 3. HP: 31/36 MP: 2/2
   666 | D:2      | Found a glowing silver altar of Zin.
   701 | D:2      | Reached skill level 3 in Unarmed Combat
   707 | D:2      | Found a faded altar of an unknown god.
   823 | D:2      | Identified the +4 dagger "Gieseh" {vorpal, Fly rPois Str-2}
  1150 | D:2      | Reached XP level 4. HP: 40/44 MP: 3/3
  1458 | D:3      | Noticed a phantom
  1485 | D:3      | Killed a phantom
  1486 | D:3      | Reached skill level 4 in Unarmed Combat
  1486 | D:3      | Reached XP level 5. HP: 46/53 MP: 4/4
  1699 | D:3      | Noticed Sigmund
  1717 | D:3      | Killed Sigmund
  1718 | D:3      | Reached XP level 6. HP: 33/61 MP: 5/5
  2121 | D:4      | Reached skill level 5 in Unarmed Combat
  2141 | D:4      | Noticed Robin
  2171 | D:4      | Killed Robin
  2267 | D:4      | Noticed an ice beast
  2274 | D:4      | Noticed Natasha
  2286 | D:4      | Killed Natasha
  2306 | D:4      | Noticed an ice beast
  2310 | D:4      | Killed an ice beast
  2426 | D:4      | Noticed Eustachio
  2436 | D:4      | Killed Eustachio
  2437 | D:4      | Reached XP level 7. HP: 67/70 MP: 6/6
  2914 | D:4      | Noticed Natasha
  2921 | D:4      | Reached skill level 6 in Unarmed Combat
  2923 | D:4      | Killed Natasha
  3166 | D:4      | Noticed Natasha
  3170 | D:4      | Killed Natasha
  3250 | D:5      | Entered Level 5 of the Dungeon
  3257 | D:5      | Found a broken altar of Ashenzari.
  3475 | D:5      | Reached skill level 5 in Shields
  3475 | D:5      | Reached XP level 8. HP: 54/79 MP: 7/7
  3601 | D:5      | Reached skill level 7 in Unarmed Combat
  4327 | D:5      | Reached skill level 5 in Fighting
  4385 | D:6      | Reached skill level 8 in Unarmed Combat
  4891 | D:6      | Reached XP level 9. HP: 83/88 MP: 8/8
  5283 | D:7      | Reached skill level 9 in Unarmed Combat
  5557 | D:7      | Found a staircase to the Ecumenical Temple.
  5578 | Temple   | Entered the Ecumenical Temple
  5688 | Temple   | Became a worshipper of the Wu Jian Council
  5765 | D:7      | Slain by an orc warrior

Illustrated notes

Levels and vault maps discovered:
D:1:      kb_arrival_jail, layout_loops_ring, hangedman_abyss_or_decor_stabs
D:2:      layout_loops_ring, basic_altar,
          shapermc_ecumenical_altar_starsandcircs
D:3:      layout_basic, small_statue_intersection, uniq_sigmund
D:4:      minmay_door_path, layout_loops_corners, kennysheep_dice,
          uniq_eustachio, uniq_robin, uniq_natasha
D:5:      layout_cave_pods, old_standard_altar, grunt_ministairs_11,
          kennysheep_generic_room_15
D:6:      layout_cave_pods
D:7:      layout_basic, zin_angel, kennysheep_little_box,
          mainiacjoe_overflow_catwalk, minmay_temple_entry_stoned_glass,
          minmay_nine_imps, uniq_duvessa, uniq_maggie
Temple:   regret_index_temple_generic_petals

Skill      XL: |  1  2  3  4  5  6  7  8  9 |
---------------+----------------------------+-----
Shields        | 3 4 5 6 |  6.4
Unarmed Combat | 3 4 5 6 8 9 |  9.3
Fighting       | 3 4 5 |  5.9
Dodging        | 3 |  3.2

Action                   |  1- 3 |  4- 6 |  7- 9 || total
-------------------------+-------+-------+-------++-------
Melee: Unarmed           |    85 |   130 |   281 ||   496
Throw: Stone             |       |       |    14 ||    14
       Dart              |       |       |     4 ||     4
Invok: Lunge             |       |       |     2 ||     2
  Use: Scroll            |       |       |     6 ||     6
       Potion            |       |       |     1 ||     1
Armor: Robe              |    18 |    48 |    44 ||   110
       Animal skin       |       |       |     3 ||     3
Dodge: Dodged            |    26 |    56 |   113 ||   195
Block: Kite shield       |    28 |    43 |   110 ||   181
